 Dungeon Crawl Stone Soup version 0.21-a0-578-gc6e9d75 (webtiles) character file.

2283 polly the Cudgeler (level 9, -4/68 HPs)
             Began as a Demonspawn Berserker on Dec 18, 2017.
             Was an Elder of Trog.
             Slain by a two-headed ogre
             ... wielding a +0 giant club
              (23 damage)
             ... on level 8 of the Dungeon.
             The game lasted 00:08:06 (6583 turns).

polly the Cudgeler (Demonspawn Berserker)           Turns: 6583, Time: 00:08:06

Health: -4/68      AC: 16    Str: 18    XL:     9   Next: 16%
Magic:  9/9        EV:  5    Int:  9    God:    Trog [****..]
Gold:   425        SH: 12    Dex: 15    Spells: 8/8 levels left

rFire    . . .     SeeInvis .   a - +1 mace
rCold    + . .     Gourm    .   C - +2 shield
rNeg     . . .     Faith    .   z - +0 plate armour
rPois    +         Spirit   .   (helmet restricted)
rElec    .         Reflect  .   (no cloak)
rCorr    .         Harm     .   f - +0 pair of gloves
MR       .....                  q - +0 pair of boots
Stlth    ..........             (no amulet)
HPRegen  0.21/turn              b - ring of poison resistance
MPRegen  0.11/turn              (no ring)

@: no status effects
A: horns 1, yellow scales 1, cold resistance 1, demonic guardian 1, freezing
cloud immunity
a: Berserk, Trog's Hand, Brothers in Arms, Burn Spellbooks, Renounce Religion


You were on level 8 of the Dungeon.
You worshipped Trog.
Trog was greatly pleased with you.
You were not hungry.

You visited 1 branch of the dungeon, and saw 8 of its levels.

You collected 453 gold pieces.
You spent 28 gold pieces at shops.

Inventory:

Hand Weapons
 a - a +1 mace (weapon)
Missiles
 t - 8 poisoned javelins (quivered)
Armour
 f - a +0 pair of gloves (worn)
 q - a +0 pair of boots (worn)
 z - a +0 plate armour (worn)
 C - a +2 shield (worn)
Jewellery
 b - a ring of poison resistance (left hand)
 n - an uncursed ring of flight
Wands
 e - a wand of flame (31)
 s - a wand of polymorph (14)
 w - a wand of paralysis (11)
 A - a wand of enslavement (11)
Scrolls
 d - a scroll of fear
 h - a scroll of noise {unknown}
 i - a scroll of enchant weapon
 k - 2 scrolls of remove curse
 o - a scroll of enchant armour {unknown}
 r - a scroll of immolation
 x - a scroll of magic mapping {unknown}
 y - a scroll of random uselessness {unknown}
 F - 2 scrolls of identify
Potions
 g - 3 potions of curing
 j - a potion of flight
 l - a potion of agility {unknown}
 m - a potion of degeneration {unknown}
 p - a potion of brilliance {unknown}
 u - 2 potions of might
 v - a potion of heal wounds {unknown}
 B - a potion of lignification {unknown}
 D - a potion of cancellation {unknown}
 E - a potion of resistance {unknown}
Comestibles
 c - 9 rations
 G - 2 chunks of flesh


   Skills:
 + Level 5.0 Fighting
 + Level 7.5 Maces & Flails
 + Level 5.4 Armour
 + Level 3.2 Dodging
 + Level 1.6 Stealth
 + Level 4.7 Shields


You had 8 spell levels left.
You didn't know any spells.

Dungeon Overview and Level Annotations

Branches:
Dungeon (8/15)             Temple (0/1) D:5
   Lair: D:8-11

Altars:
Ashenzari
Dithmenos
Kikubaaqudgha

Shops:
D:5 ?


Innate Abilities, Weirdness & Mutations

You have a pair of small horns on your head.
You are partially covered in yellow scales. (AC +2)
Your flesh is cold resistant. (rC+)
A weak demonic guardian rushes to your aid.
You are immune to freezing clouds.


Message History

You are too injured to fight recklessly!
You are too injured to fight recklessly!
You sock the two-headed ogre!
The two-headed ogre is heavily wounded.
The two-headed ogre hits you but does no damage.
The two-headed ogre hits you with a giant club.
You hit the two-headed ogre.
You headbutt the two-headed ogre, but do no damage.
The two-headed ogre is severely wounded.
The two-headed ogre hits you but does no damage.
The two-headed ogre hits you with a giant club!
* * * LOW HITPOINT WARNING * * *
Your iron imp hits the two-headed ogre.
The two-headed ogre hits your iron imp with a giant club!
The two-headed ogre hits your iron imp with a giant club!!
Your iron imp dies!
Your plate armour prevents you from hitting the two-headed ogre.
The two-headed ogre is severely wounded.
The two-headed ogre hits you with a giant club!!
You die...

# #.
#.##########
#>..........
###O########
#@# #.#
#5### #[..#
###.# #.#
#.# #####'##
#......#


You could see a two-headed ogre and a friendly shadow imp.

Vanquished Creatures
  Psyche (D:8)
  A water moccasin (D:8)
  An orc warrior (D:5)
  An ice beast (D:5)
  3 sky beasts
  2 phantoms
  2 ogres (D:5)
  2 centaurs
  2 bullfrogs
  A howler monkey (D:5)
  A bullfrog zombie (D:6)
  A centaur zombie (D:6)
  A quasit (D:7)
  2 jellies
  2 iguanas
  4 orc priests
  7 orc wizards
  Ijyb (D:4)
  3 gnolls (D:4)
  5 adders
  An adder skeleton (D:5)
  2 worms
  A dart slug (D:1)
  3 leopard geckos
  22 orcs
  7 bats
  7 giant cockroaches
  9 goblins
  7 hobgoblins
  5 jackals
  3 quokkas
  2 ball pythons
  10 frilled lizards
  7 kobolds
  2 leopard gecko skeletons
  A quokka skeleton (D:4)
  7 rats
139 creatures vanquished.

Vanquished Creatures (collateral kills)
  An orc warrior (D:6)
  An orc wizard (D:6)
  A frilled lizard (D:5)
3 creatures vanquished.

Grand Total: 142 creatures vanquished

Notes
Turn   | Place    | Note
-------+----------+-------------------------------------------
     0 | D:1      | polly the Demonspawn Berserker began the quest for the Orb.
     0 | D:1      | Reached XP level 1. HP: 18/18 MP: 1/1
    69 | D:1      | Reached skill level 3 in Maces & Flails
   111 | D:1      | Gained mutation: You are partially covered in yellow scales. (AC +2) [demonic ancestry]
   111 | D:1      | Reached XP level 2. HP: 16/24 MP: 2/2
   291 | D:1      | Found a shattered altar of Ashenzari.
   489 | D:2      | Reached ** piety under Trog
   489 | D:2      | Reached XP level 3. HP: 27/29 MP: 3/3
  1306 | D:3      | Gained mutation: Your flesh is cold resistant. (rC+) [demonic ancestry]
  1306 | D:3      | Reached XP level 4. HP: 34/35 MP: 4/4
  1394 | D:3      | Reached skill level 1 in Shields
  1398 | D:3      | Reached skill level 4 in Maces & Flails
  1582 | D:3      | Reached XP level 5. HP: 26/41 MP: 5/5
  1593 | D:3      | HP: 2/41 [orc/long sword (5)]
  1793 | D:3      | Noticed a centaur
  1804 | D:3      | Killed a centaur
  2016 | D:3      | Found a faded altar of an unknown god.
  2267 | D:3      | Gained mutation: You have a pair of small horns on your head. [demonic ancestry]
  2267 | D:3      | Reached XP level 6. HP: 43/47 MP: 6/6
  2475 | D:3      | Found an ancient bone altar of Kikubaaqudgha.
  2703 | D:4      | Noticed Ijyb
  2713 | D:4      | Paralysed by Ijyb for 6 turns
  2721 | D:4      | Killed Ijyb
  2721 | D:4      | Reached *** piety under Trog
  3115 | D:5      | Entered Level 5 of the Dungeon
  3191 | D:5      | Reached skill level 5 in Maces & Flails
  3191 | D:5      | Reached skill level 1 in Stealth
  3191 | D:5      | Reached XP level 7. HP: 39/53 MP: 7/7
  3527 | D:5      | Found Vavudar's Magic Scroll Shop.
  3588 | D:5      | Bought a scroll of identify for 28 gold pieces
  3868 | D:5      | Gained mutation: A weak demonic guardian rushes to your aid. [demonic ancestry]
  3868 | D:5      | Reached XP level 8. HP: 49/61 MP: 8/8
  3884 | D:5      | Reached skill level 6 in Maces & Flails
  3892 | D:5      | Found a staircase to the Ecumenical Temple.
  5165 | D:6      | Reached **** piety under Trog
  5628 | D:6      | Found a shadowy altar of Dithmenos.
  5893 | D:7      | Reached skill level 5 in Armour
  5968 | D:7      | Reached skill level 7 in Maces & Flails
  6471 | D:8      | Noticed Psyche
  6482 | D:8      | Killed Psyche
  6482 | D:8      | Gained mutation: You are immune to freezing clouds. [demonic ancestry]
  6482 | D:8      | Reached XP level 9. HP: 64/67 MP: 9/9
  6539 | D:8      | Reached skill level 5 in Fighting
  6569 | D:8      | Noticed a two-headed ogre
  6583 | D:8      | Slain by a two-headed ogre

Vault maps used:
D:1:      onia_arrival_mini_spirals, eino_curves_01, ashenzari_altar_1
D:2:      kennysheep_generic_room_10
D:3:      nicolae_overflow_hidden_temple, chequers_ecumenical_altar_twisty
D:4:      first_ration, kennysheep_small_spiral, uniq_ijyb
D:5:      minmay_temple_entry_large_hall, serial_shops, shop
D:6:      grunt_dithmenos_shadows
D:8:      lemuel_ice_spiral_2, serial_shops, shop, grunt_ogre_cave, uniq_psyche

Skill      XL: |  1  2  3  4  5  6  7  8  9 |
---------------+----------------------------+-----
Maces & Flails | 3 4 5 7 |  7.5
Dodging        | 2 3 |  3.2
Armour         | 2 3 5 |  5.4
Shields        | 1 2 3 4 |  4.7
Stealth        | 1 |  1.6
Fighting       | 4 5 |  5.0

Action                   |  1- 3 |  4- 6 |  7- 9 || total
-------------------------+-------+-------+-------++-------
Melee: Mace              |   134 |   208 |   288 ||   630
       Headbutt          |       |    13 |    42 ||    55
Invok: Berserk           |       |     4 |     2 ||     6
  Use: Potion            |       |     2 |       ||     2
       Scroll            |       |     2 |     4 ||     6
 Stab: Sleeping          |     1 |       |       ||     1
       Distracted        |       |       |     1 ||     1
  Eat: Chunk             |     1 |    11 |    10 ||    22
       Ration            |       |       |     1 ||     1
Armor: Animal skin       |    32 |       |       ||    32
       Scale mail        |    29 |   130 |       ||   159
       Chain mail        |       |     9 |    77 ||    86
       Plate armour      |       |       |    94 ||    94
Dodge: Dodged            |    63 |    82 |    50 ||   195
Block: Shield            |    42 |   112 |   145 ||   299

Table legend:
 A = Spawn XP
 B = Non-spawn XP
 C = Spawn XP percentage of total XP
 D = Spawn monster count
 E = Non-spawn monster count
 F = Spawn count percentage of total count
 G = Total turns spent on level
                    A         B        C        D         E        F      G
               +---------+---------+-------+---------+---------+-------+---------
         Total |       0 |    3262 |   0.0 |       0 |     142 |   0.0 |  6583
               +---------+---------+-------+---------+---------+-------+---------
           D:1 |       0 |      39 |   0.0 |       0 |      24 |   0.0 |   627
           D:2 |       0 |      52 |   0.0 |       0 |      17 |   0.0 |   670
           D:3 |       0 |     298 |   0.0 |       0 |      34 |   0.0 |  1241
           D:4 |       0 |      90 |   0.0 |       0 |      10 |   0.0 |   577
           D:5 |       0 |    1201 |   0.0 |       0 |      28 |   0.0 |  1440
           D:6 |       0 |     605 |   0.0 |       0 |      18 |   0.0 |  1146
           D:7 |       0 |     279 |   0.0 |       0 |       8 |   0.0 |   770
           D:8 |       0 |     698 |   0.0 |       0 |       3 |   0.0 |   112
               +---------+---------+-------+---------+---------+-------+---------
